 Dungeon Crawl Stone Soup version 0.30.0-12-gd5a94ecb5d (webtiles) character file.

Game seed: 3304488740462402757

85377 Kenran the Fencer (level 15, -15/103 HPs)
             Began as a Gargoyle Monk on May 16, 2023.
             Was the Champion of the Shining One.
             Demolished by a broodmother (40 damage)
             ... on level 1 of the Spider Nest on May 17, 2023.
             The game lasted 00:48:07 (23600 turns).

Kenran the Fencer (Gargoyle Monk)                  Turns: 23600, Time: 00:48:08

Health: -15/103    AC: 38    Str: 17    XL:     15   Next: 83%
Magic:  0/20       EV: 12    Int: 10    God:    the Shining One [******]
Gold:   1840       SH: 22    Dex: 18    Spells: 14/14 levels left

rFire   + . .        a - +9 double sword (freeze)
rCold   . . .        u - +0 kite shield
rNeg    + + +        d - +5 plate armour {rF+}
rPois   ∞            (helmet restricted)
rElec   +            o - +0 cloak
rCorr   .            L - +0 pair of gloves
SInv    .            H - +2 pair of boots
Will    ++...        n - amulet of guardian spirit Stlth
                     N - ring of willpower
HPRegen 0.37/turn    p - +5 ring of evasion
MPRegen 0.17/turn

%: guardian spirit
@: divinely shielded, flying, glowing, studying Earth Magic
A: sickness immunity, AC +11, big wings, negative energy resistance 1,
electricity resistance, torment resistance 1, petrification resistance, antennae
1, claws 1, low MP 1
a: Renounce Religion, Divine Shield, Cleansing Flame, Summon Divine Warrior,
Brand Weapon With Holy Wrath


You were on level 1 of the Spider Nest.
You worshipped the Shining One.
The Shining One was exalted by your worship.
You visited 5 branches of the dungeon, and saw 24 of its levels.

You collected 2209 gold pieces.
You spent 369 gold pieces at shops.

Inventory:

Hand Weapons
 a - a +9 double sword of freezing (weapon)
 b - a +2 scimitar of flaming
Missiles
 C - 3 throwing nets (quivered)
Armour
 d - a +5 plate armour of fire resistance (worn)
 o - a +0 cloak (worn)
 u - a +0 kite shield (worn)
 H - a +2 pair of boots (worn)
 L - a +0 pair of gloves (worn)
Jewellery
 n - an amulet of guardian spirit (around neck)
 p - a +5 ring of evasion (right hand)
 v - a ring of ice
 w - a ring of protection from fire
 N - a ring of willpower (left hand)
 O - a ring of fire
 S - the ring of Xom's Amusement {rCorr Int+6}
   (You found it on level 3 of the Lair of Beasts)

   [ring of intelligence]

   Int:       It affects your intelligence (+6).
   rCorr:     It protects you from acid and corrosion.
Wands
 s - a wand of light (2)
 y - a wand of flame (11)
 D - a wand of mindburst (21)
 E - a wand of paralysis (15)
 J - a wand of iceblast (4)
Scrolls
 f - a scroll of immolation {!r}
 g - 4 scrolls of magic mapping
 m - 3 scrolls of poison
 q - 7 scrolls of identify {@r1}
 r - 5 scrolls of teleportation
 t - 3 scrolls of vulnerability {!r}
 x - a scroll of butterflies
 z - 3 scrolls of blinking
 F - 9 scrolls of fog
 G - 2 scrolls of silence
Potions
 c - 5 potions of ambrosia
 e - 3 potions of haste
 h - a potion of mutation {!q}
 j - 6 potions of might
 l - 2 potions of heal wounds {@q2}
 A - 10 potions of curing {@q1}
 B - 3 potions of cancellation
 I - 3 potions of brilliance
 K - a potion of magic
 Q - a potion of resistance
Miscellaneous
 k - a piece from Xom's chessboard (15/15)
 P - a box of beasts


   Skills:
 - Level 15.6 Fighting
 - Level 16.0 Long Blades
 - Level 12.0 Armour
 - Level 5.0 Dodging
 + Level 8.8 Shields
 + Level 9.8 Invocations
 - Level 2.0 Evocations


You had 14 spell levels left.
You didn't know any spells.
Your spell library contained the following spells:

 Spells                   Type           Power      Damage    Failure   Level
 Apportation              Tloc           0%         N/A       100%        1
 Kiss of Death            Conj/Necr      0%         2d5       100%        1
 Magic Dart               Conj           0%         1d3       100%        1
 Slow                     Hex            0%         N/A       100%        1
 Call Imp                 Summ           0%         N/A       100%        2
 Ensorcelled Hibernation  Hex/Ice        0%         N/A       100%        2
 Passwall                 Tmut/Erth      0%         N/A       100%        2
 Confusing Touch          Hex            0%         N/A       100%        3
 Dazzling Flash           Conj/Hex       0%         N/A       100%        3
 Gell's Gravitas          Tloc           0%         N/A       100%        3
 Ignite Poison            Fire/Tmut/Pois 0%         N/A       100%        3
 Mephitic Cloud           Conj/Pois/Air  0%         N/A       100%        3
 Ozocubu's Armour         Ice            0%         N/A       100%        3
 Portal Projectile        Hex/Tloc       0%         N/A       100%        3
 Summon Guardian Golem    Hex/Summ       0%         N/A       100%        3
 Swiftness                Air            0%         N/A       100%        3
 Teleport Other           Tloc           0%         N/A       100%        3
 Tukima's Dance           Hex            0%         N/A       100%        3
 Vampiric Draining        Necr           0%         2d6       100%        3
 Volatile Blastmotes      Fire/Tloc      0%         2d10      100%        3
 Dispel Undead            Necr           0%         3d6       100%        4
 Fulminant Prism          Conj/Hex       0%         3d5       100%        4
 Iskenderun's Mystic Bla  Conj/Tloc      0%         2d3       100%        4
 Petrify                  Tmut/Erth      0%         N/A       100%        4
 Agony                    Necr           0%         N/A       100%        5
 Alistair's Intoxication  Tmut/Pois      0%         N/A       100%        5
 Blade Hands              Tmut           0%         N/A       100%        5
 Freezing Cloud           Conj/Ice/Air   0%         6-21      100%        5
 Irradiate                Conj/Tmut      0%         3d11      100%        5
 Lee's Rapid Deconstruct  Erth           0%         3d4*      100%        5
 Metabolic Englaciation   Hex/Ice        0%         N/A       100%        5
 Silence                  Hex/Air        0%         N/A       100%        5
 Dispersal                Tloc           0%         N/A       100%        6
 Simulacrum               Ice/Necr       0%         N/A       100%        6
 Orb of Destruction       Conj           0%         9d5       100%        7
 Spellforged Servitor     Conj/Summ      0%         N/A       100%        7
 Cigotuvi's Dreadful Rot  Necr/Pois/Air  Unusable   N/A       N/A         2
 Sublimation of Blood     Necr           Unusable   N/A       N/A         2

Dungeon Overview and Level Annotations

Branches:
Dungeon (14/15)            Temple (0/1) D:6            Lair (5/5) D:8
 Shoals (0/4) Lair:2       Spider (2/4) Lair:3        Slime (0/5) Lair:5
    Orc (2/2) D:11            Elf (1/3) Orc:2
 Vaults: D:13-14

Altars:
Cheibriados
Fedhas
Makhleb
Ru
Sif Muna
Trog
Xom
Yredelemnul
The Shining One
Jiyva
Lugonu

Shops:
D:4 ?   D:5 [   D:8 ?   D:9 [   Orc:2 (*?

Portals:
Abyss: Lair:5

Annotations:
D:1 exclusion: downstairs
D:4 1 runed translucent door, exclusion: downstairs, Crazy Yiuf
D:7 exclusion: downstairs
D:8 Gastronok


Innate Abilities, Weirdness & Mutations

You are immune to sickness and miasma.
Your stone body is resilient. (AC +11)
You are immune to poison.
Your large and strong wings let you fly.
You resist negative energy. (rN+)
You are resistant to electric shocks. (rElec)
You are resistant to unholy torment.
You are immune to petrification.
You have a pair of small antennae on your head.
You have sharp fingernails.
Your magical capacity is low. (-10% MP)


Message History

You fly upwards.
The tarantella is no longer berserk.
The tarantella disappears in a puff of smoke! x2
The redback disappears in a puff of smoke!
There is a stone staircase leading down here.
You slash the broodmother! You freeze the broodmother.
The broodmother is heavily wounded.
You block the redback's attack.
The broodmother bites you but does no damage.
You block the redback's attack.
You slash the redback! You freeze the redback.
The redback is moderately wounded.
The redback bites you but does no damage.
The broodmother bites you but does no damage.
You block the redback's attack. You block the broodmother's attack.
You slash the redback! You freeze the redback.
The redback is heavily wounded.
The redback bites you but does no damage.
The broodmother closely misses you.
The redback bites you but does no damage.
You slice the redback!! You freeze the redback.
You kill the redback!
The broodmother bites you!!
A spider bursts forth from the wound!
You block the broodmother's attack.
You hit the broodmother. You freeze the broodmother.
The broodmother is heavily wounded.
You block the broodmother's attack.
You slice the broodmother!! You freeze the broodmother!
The broodmother is heavily wounded.
The broodmother closely misses you.
The redback bites you but does no damage.
The broodmother bites you!
A spider bursts forth from the wound!
Your shield is strengthened by the Shining One's divine power.
You block the broodmother's attack.
The redback bites you but does no damage.
You block the broodmother's attack. The redback bites you!
* * * LOW HITPOINT WARNING * * *
You slice the broodmother!! You freeze the broodmother.
The broodmother is severely wounded.
You block the jumping spider's attack. x2; The broodmother bites you!!!
You die...

.........#...........## #...##
.........###.........## #####
.........#####........#
..........###.........#
...........#..........#
..................(...#
.....................## #
................ss..## #
................@...# ##
...............s†..## #.
..................## ##
..................# ####
.........✳.......## ########.##
............##...######..........
...........#####.........###....#
..........## ##...#######......
########### ##.## #......


You could see a broodmother (berserk), a jumping spider (summoned) and a redback
(summoned).

Vanquished Creatures
  An emperor scorpion (Spider:1)
  An orc warlord (Orc:2)
  A broodmother (Spider:1)
  The ghost of kthxbai the Martial Artist, a journeyman OpTm of Gozag (Lair:3)
  A spark wasp (Spider:1)
  Harold (D:11)
  4 hydras
  A radroach (Spider:1)
  A jorogumo (Spider:1)
  A centaur warrior (D:13)
  A catoblepas (Lair:5)
  A boulder beetle (Spider:1)
  5 two-headed ogres
  3 thrashing horrors (Lair:5)
  4 death yaks
  Nergalle (D:11)
  2 deep elf knights
  4 orc high priests
  3 spriggans (Lair:3)
  2 fire crabs (Lair:3)
  4 skeletal warriors (D:11)
  2 skysharks (Lair:5)
  A pharaoh ant (Spider:1)
  3 steelbarb worms (Spider:1)
  3 deep elf pyromancers
  4 orc knights
  A deep elf zephyrmancer (D:13)
  6 wolf spiders
  A manticore (D:12)
  6 orc sorcerers
  3 ugly things
  A merfolk siren (Lair:2)
  4 black mambas
  2 elephants (Lair:4)
  4 cane toads
  4 smoke demons (Lair:5)
  5 demonic crawlers (Spider:1)
  Maggie (D:10)
  2 unseen horrors
  6 komodo dragons
  A kobold demonologist (D:13)
  An efreet (D:13)
  A freezing wraith (D:13)
  2 rime drakes
  6 trolls
  3 merfolk
  2 polar bears (Lair:5)
  3 meliai (Spider:1)
  A meliai (shapeshifter) (Lair:5)
  2 ancient zymes (Lair:5)
  3 hornets
  Grinder (D:4)
  16 blink frogs
  10 tarantellas (Spider:1)
  2 large abominations (Lair:5)
  7 culicivoras (Spider:1)
  4 jumping spiders (Spider:1)
  A shadow (D:11)
  2 ynoxinuls (Lair:5)
  A wraith (D:10)
  3 fire elementals (Lair:3)
  33 yaks
  A vampire (D:5)
  4 wyverns
  9 basilisks
  Eustachio (D:5)
  25 redbacks
  Menkaure (D:5)
  A chaos spawn (Lair:5)
  7 vampire mosquitoes
  6 steam dragons
  Edmund (D:6)
  2 wargs
  11 water moccasins
  2 hell hounds (Lair:3)
  4 ice beasts
  A sky beast (D:8)
  18 orc warriors
  3 black bears
  10 small abominations (Lair:5)
  47 wolves
  12 ogres
  A boggart (Lair:3)
  12 centaurs
  3 phantoms
  8 kobold brigands
  12 bullfrogs
  6 scorpions
  2 killer bees (D:9)
  4 electric eels
  A gnoll bouda (D:5)
  14 orc priests
  10 hounds
  4 jellies
  Natasha (thrice) (D:2)
  6 iguanas
  17 orc wizards
  8 gnolls
  7 adders
  2 shadow imps
  2 ufetubi
  6 worms
  9 dart slugs
  70 orcs
  7 ball pythons
  4 bats (D:1)
  10 endoplasms
  6 giant cockroaches
  7 goblins
  6 hobgoblins
  4 jackals
  2 quokkas
  5 frilled lizards
  24 kobolds
  5 rats
660 creatures vanquished.

Vanquished Creatures (others)
  A killer bee (D:9)
  An orc priest (Orc:2)
  An orc (D:13)
  An endoplasm (D:3)
4 creatures vanquished.

Grand Total: 664 creatures vanquished

Notes
Turn   | Place    | Note
-------+----------+-------------------------------------------
     0 | D:1      | Kenran the Gargoyle Monk began the quest for the Orb.
     0 | D:1      | Reached XP level 1. HP: 14/14 MP: 1/1
    31 | D:1      | Reached skill level 3 in Long Blades
    69 | D:1      | Reached XP level 2. HP: 2/19 MP: 2/2
   385 | D:1      | Reached XP level 3. HP: 23/23 MP: 3/3
   610 | D:1      | Reached skill level 4 in Long Blades
   986 | D:2      | Reached XP level 4. HP: 28/28 MP: 4/4
  1158 | D:2      | Found a sacrificial altar of Ru.
  1215 | D:2      | Noticed Natasha
  1223 | D:2      | Killed Natasha
  1253 | D:2      | Noticed Natasha
  1265 | D:2      | Gained mutation: You have sharp fingernails. [potion of
                  | mutation]
  1265 | D:2      | Gained mutation: Your magical capacity is low. (-10% MP)
                  | [potion of mutation]
  1265 | D:2      | Gained mutation: You have a pair of small antennae on your
                  | head. [potion of mutation]
  1269 | D:2      | Killed Natasha
  1270 | D:2      | Reached skill level 5 in Long Blades
  1413 | D:2      | Noticed Natasha
  1560 | D:2      | Reached XP level 5. HP: 32/32 MP: 4/4
  1618 | D:2      | Killed Natasha
  1986 | D:3      | Reached XP level 6. HP: 27/37 MP: 3/5
  2169 | D:3      | Reached skill level 6 in Long Blades
  2185 | D:3      | Found a blossoming altar of Fedhas.
  2235 | D:3      | Found a bloodstained altar of Trog.
  2307 | D:3      | Found a glowing golden altar of the Shining One.
  2328 | D:3      | Became a worshipper of the Shining One
  2328 | D:3      | Reached * piety under the Shining One
  2328 | D:3      | Reached ** piety under the Shining One
  3104 | D:4      | Reached skill level 7 in Long Blades
  3104 | D:4      | Reached XP level 7. HP: 24/41 MP: 3/6
  3223 | D:4      | Found Mireh's Magic Scroll Shoppe.
  3231 | D:4      | Bought a scroll of blinking for 90 gold pieces
  3231 | D:4      | Bought a scroll of teleportation for 36 gold pieces
  3258 | D:4      | Found a shimmering altar of Xom.
  3527 | D:4      | Found a runed translucent door.
  3528 | D:4      | Noticed Crazy Yiuf
  3699 | D:5      | Entered Level 5 of the Dungeon
  3748 | D:5      | Found a snail-covered altar of Cheibriados.
  3799 | D:4      | Upgraded the game from 0.30.0-10-gfe55d96785 to
                  | 0.30.0-12-gd5a94ecb5d
  3858 | D:5      | Noticed Grinder
  3945 | D:4      | Paralysed by Grinder for 2 turns
  3963 | D:4      | Killed Grinder
  3964 | D:4      | Reached skill level 8 in Long Blades
  4047 | D:5      | Reached XP level 8. HP: 34/46 MP: 7/7
  4205 | D:5      | Noticed a vampire
  4248 | D:5      | Reached skill level 9 in Long Blades
  4296 | D:5      | Killed a vampire
  4572 | D:5      | Found Xiusch's Armour Emporium.
  4694 | D:5      | Reached skill level 10 in Long Blades
  4910 | D:5      | Reached skill level 5 in Fighting
  4961 | D:5      | Noticed Menkaure
  4979 | D:5      | Killed Menkaure
  4980 | D:5      | Reached XP level 9. HP: 37/55 MP: 3/8
  5140 | D:5      | Noticed Eustachio
  5140 | D:5      | Reached *** piety under the Shining One
  5169 | D:5      | Killed Eustachio
  5170 | D:5      | Reached skill level 1 in Armour
  5394 | D:5      | Found a burning altar of Makhleb.
  5398 | D:5      | Found a basalt altar of Yredelemnul.
  5818 | D:6      | Noticed a hornet
  5843 | D:6      | Killed a hornet
  6098 | D:6      | Noticed Edmund
  6136 | D:6      | Killed Edmund
  6767 | D:6      | Found a staircase to the Ecumenical Temple.
  6949 | D:6      | Identified 2 scrolls of acquirement
  6953 | D:6      | Acquired a +2 triple sword of freezing
  6955 | D:6      | Acquired a +6 double sword of protection
  7219 | D:7      | Reached XP level 10. HP: 50/64 MP: 6/9
  7409 | D:7      | Reached skill level 5 in Armour
  7728 | D:8      | Reached skill level 11 in Long Blades
  7743 | D:8      | Noticed a two-headed ogre
  7754 | D:8      | Killed a two-headed ogre
  7939 | D:8      | Reached **** piety under the Shining One
  7941 | D:8      | Noticed Gastronok
  7963 | D:8      | Reached skill level 12 in Long Blades
  8177 | D:8      | Found a staircase to the Lair.
  8254 | D:7      | Reached skill level 13 in Long Blades
  8254 | D:7      | Reached XP level 11. HP: 43/68 MP: 6/9
  8379 | D:8      | Found Veciadedo's Magic Scroll Shoppe.
  8401 | D:8      | Bought a scroll of identify for 20 gold pieces
  8401 | D:8      | Bought a scroll of identify for 20 gold pieces
  8401 | D:8      | Bought a scroll of identify for 20 gold pieces
  8688 | D:9      | Reached skill level 1 in Invocations
  8978 | D:9      | Found Zopu's Armour Shoppe.
  9006 | D:9      | Found a shimmering blue altar of Sif Muna.
  9034 | D:9      | Noticed a two-headed ogre
  9045 | D:9      | Killed a two-headed ogre
  9046 | D:9      | Reached skill level 1 in Evocations
  9723 | D:10     | Entered Level 10 of the Dungeon
 10071 | D:10     | Noticed Maggie
 10092 | D:10     | Killed Maggie
 10093 | D:10     | Reached skill level 14 in Long Blades
 10170 | D:10     | Noticed a two-headed ogre
 10175 | D:10     | Killed a two-headed ogre
 10466 | D:11     | Noticed a two-headed ogre
 10476 | D:11     | Killed a two-headed ogre
 10754 | D:11     | Reached skill level 15 in Long Blades
 10772 | D:11     | Found a staircase to the Orcish Mines.
 10792 | D:11     | Reached XP level 12. HP: 73/73 MP: 12/12
 11004 | D:11     | Noticed Nergalle
 11012 | D:11     | Killed Nergalle
 11066 | D:11     | Noticed a two-headed ogre
 11074 | D:11     | Killed a two-headed ogre
 11237 | D:11     | You fall into a shaft and drop 3 floors!
 11281 | D:13     | Noticed a centaur warrior
 11292 | D:13     | Killed a centaur warrior
 11300 | D:13     | Noticed a deep elf knight
 11352 | D:13     | Reached skill level 10 in Fighting
 11697 | D:13     | Killed a deep elf knight
 11781 | D:13     | Reached ***** piety under the Shining One
 11959 | D:13     | Reached skill level 10 in Armour
 12346 | D:11     | Reached XP level 13. HP: 82/82 MP: 13/13
 12579 | Lair:1   | Entered Level 1 of the Lair of Beasts
 13294 | Lair:2   | Reached skill level 5 in Dodging
 13827 | Lair:2   | Found a staircase to the Shoals.
 13872 | Lair:2   | Reached skill level 16 in Long Blades
 14318 | Lair:3   | Found a transporter.
 14563 | Lair:3   | Found a transporter.
 14563 | Lair:3   | Found a runed translucent door.
 14577 | Lair:3   | Identified the +6 trident "Nyen" {venom, Int+6}
 14577 | Lair:3   | Noticed kthxbai's ghost (journeyman OpTm)
 14728 | Lair:3   | Found a hole to the Spider Nest.
 15792 | Lair:5   | Entered Level 5 of the Lair of Beasts
 15825 | Lair:5   | Found a staircase to the Slime Pits.
 15825 | Lair:5   | Found a viscous altar of Jiyva.
 15911 | Lair:5   | Gained mutation: Your large and strong wings let you fly.
                  | [Gargoyle growth]
 15911 | Lair:5   | Reached XP level 14. HP: 70/92 MP: 10/14
 16732 | Lair:5   | Reached skill level 5 in Invocations
 16766 | Lair:5   | Reached ****** piety under the Shining One
 17987 | Lair:5   | Found a corrupted altar of Lugonu.
 17987 | Lair:5   | Found a one-way gate to the infinite horrors of the Abyss.
 18153 | Lair:3   | Killed kthxbai's ghost
 18155 | Lair:3   | Reached skill level 15 in Fighting
 18412 | Orc:1    | Entered Level 1 of the Orcish Mines
 18412 | Orc:1    | Noticed Harold
 18792 | Lair:3   | Identified the ring of Xom's Amusement {rCorr Int+6}
 19008 | D:11     | Killed Harold
 19230 | D:5      | Bought a +0 kite shield for 63 gold pieces
 19500 | D:11     | Reached skill level 1 in Shields
 19982 | Orc:2    | Entered Level 2 of the Orcish Mines
 20019 | Orc:2    | Reached XP level 15. HP: 93/103 MP: 15/17
 20487 | Orc:2    | Found a staircase to the Elven Halls.
 20510 | Elf:1    | Entered Level 1 of the Elven Halls
 20634 | Orc:2    | Noticed an orc warlord
 20689 | Orc:2    | Killed an orc warlord
 20923 | Orc:2    | Reached skill level 5 in Shields
 21582 | Orc:2    | Found Vaumulatz's Magic Scroll Shoppe.
 21586 | Orc:2    | Found Hony's General Store.
 21593 | Orc:2    | Bought a scroll of enchant weapon for 120 gold pieces
 21594 | Orc:2    | Found Asoaferu's Antique Weapon Boutique.
 21596 | Orc:2    | Found Biskam's Magic Scroll Shoppe.
 21963 | Spider:1 | Entered Level 1 of the Spider Nest
 22255 | Spider:1 | Noticed an emperor scorpion
 22279 | Spider:1 | Killed an emperor scorpion
 23600 | Spider:1 | Demolished by a broodmother

Illustrated notes

Levels and vault maps discovered:
D:1:      heliophobic_arrival_henge, layout_rooms
D:2:      layout_basic, basic_altar, kennysheep_generic_room_10, uniq_natasha
D:3:      kennysheep_slugbush, layout_loops_ring, lemuel_doored_altar,
          lemuel_round_altar, overflow_temple_1_default, lemuel_flame_loot_1
D:4:      layout_cave_pools, lemuel_tele_altar, serial_shops, shop,
          chequers_mini_garden, minmay_crossroads, uniq_crazy_yiuf_cottage
D:5:      minmay_thinvault, layout_loops_ring, mainiacjoe_overflow_24_doors,
          minitemple, serial_shops, shop, minmay_manual_mail, uniq_eustachio,
          uniq_grinder, uniq_menkaure
D:6:      layout_cave_pods, minmay_temple_entry_overgrown, uniq_edmund
D:7:      layout_basic, hangedman_decor_lopped, st_stairs_6
D:8:      layout_basic, due_lair_maze_entry_diamond, serial_shops,
          nicolae_square_shop, hangedman_decor_opposing, grunt_ministairs_1,
          uniq_gastronok
D:9:      layout_irregular_city, lemuel_coloured_pillars_altar, serial_shops,
          shop
D:10:     layout_basic, eino_tiny_chamber, uniq_maggie
D:11:     layout_loops_ring, erik_orc_3, hangedman_fish_farm, uniq_nergalle
D:12:     layout_roguey, serial_shops, nicolae_shop_behind_doors
D:13:     layout_loops_ring, hangedman_vaults_entry_quadrant_bands
D:14:     layout_stronghold, nicolae_elevator_lobby_plus,
          hangedman_abyss_or_decor_clamps, minmay_between
Lair:1:   layout_concentric_octagons, infiniplex_staircase_pool
Lair:2:   layout_big_grid, elwin_shoals_entry_rooms, minmay_lindwurm_lava
Lair:3:   gammafunk_cloud_chamber, layout_regular_city,
          spider_nest_entry_rubble, ebering_ghost_funeral_grove,
          serial_bayou_shore_a
Lair:4:   layout_cave_shapes, beast_lair_carwin_10
Lair:5:   hellmonk_lair_end_abyssal_woods, layout_regular_city, slime_entry_1,
          minmay_stone_trees_small, grunt_forest_large_clearings
Spider:1: layout_cave_pods, drop_trap
Spider:2: layout_chambers, drop_trap, uniq_donald
Orc:1:    layout_caves, uniq_harold
Orc:2:    st_orc_elflike, layout_diamond_mine
Elf:1:    kennysheep_spiral_hall, layout_geoelf_diagonals,
          minmay_elf_crystal_hexagon

Skill      XL: |  1  2  3  4  5  6  7  8  9 10 11 12 13 14 15 |
---------------+----------------------------------------------+-----
Long Blades    | 3 4 5 7 8 10 13 15 16 | 16.0
Fighting       | 5 7 8 10 12 15 | 15.6
Armour         | 4 6 10 12 | 12.0
Invocations    | 3 6 9 |  9.8
Evocations     | 2 |  2.0
Dodging        | 4 5 |  5.0
Shields        | 2 8 |  8.8

Action                     |  1- 3 |  4- 6 |  7- 9 | 10-12 | 13-15 || total
---------------------------+-------+-------+-------+-------+-------++-------
  Melee: Falchion          |   114 |   234 |   485 |       |       ||   833
         Double sword      |       |       |    12 |   546 |  1235 ||  1793
         Scimitar          |       |       |       |       |    24 ||    24
 Invoke: Divine Shield     |       |       |       |     2 |     5 ||     7
         Cleansing Flame   |       |       |       |       |     4 ||     4
  Evoke: Wand              |       |       |       |    10 |       ||    10
         Piece from Xom's  |       |       |       |     1 |       ||     1
    Use: Potion            |     1 |     4 |     5 |       |       ||    10
         Scroll            |       |     2 |     8 |     6 |    10 ||    26
 Armour: Robe              |    61 |    35 |       |       |       ||    96
         Skin              |       |     3 |       |       |       ||     3
         Chain mail        |       |    12 |   180 |   314 |    71 ||   577
         Plate armour      |       |       |       |       |   706 ||   706
  Dodge: Dodged            |   135 |   164 |   285 |   392 |   680 ||  1656
  Block: Orb               |       |       |       |    32 |    20 ||    52
         Kite shield       |       |       |       |       |   273 ||   273
